 Dungeon Crawl Stone Soup version 0.26.1-10-gdfb7c7de75 (webtiles) character file.

Game seed: 3448046702264462761

3273 raph the Carver (level 9, -9/81 HPs)
             Began as a Minotaur Abyssal Knight on Apr 5, 2021.
             Was a Priest of Lugonu.
             Blown up by a centaur (19 damage)
             ... with a disintegration bolt
             ... on level 8 of the Dungeon.
             The game lasted 00:15:13 (9690 turns).

raph the Carver (Minotaur Abyssal Knight)           Turns: 9690, Time: 00:15:14

Health: -9/81      AC: 18    Str: 23    XL:     9   Next: 68%
Magic:  0/12       EV: 13    Int:  9    God:    Lugonu [***...]
Gold:   447        SH:  0    Dex: 13    Spells: 8/8 levels left

rFire    . . .     SeeInvis .   b - +0 shortbow
rCold    . . .     Faith    .   (shield currently unavailable)
rNeg     + . .     Spirit   +   A - +2 pearl dragon scales
rPois    .         Reflect  .   (helmet restricted)
rElec    .         Harm     .   (no cloak)
rCorr    .         Rampage  .   (no gloves)
Will     .....                  k - +2 pair of boots
Stlth    +.........             n - amulet of guardian spirit
HPRegen  0.23/turn              h - ring of stealth
MPRegen  0.13/turn              z - +6 ring of strength

@: brilliant
A: retaliatory headbutt, horns 2
a: Renounce Religion, Depart the Abyss, Bend Space, Banish


You were on level 8 of the Dungeon.
You worshipped Lugonu.
Lugonu was most pleased with you.
You visited 1 branch of the dungeon, and saw 8 of its levels.
You visited the Abyss 1 time.

You collected 447 gold pieces.

Inventory:

Hand Weapons
 a - a +4 falchion of freezing
 b - a +0 shortbow (weapon)
 B - a +2 falchion
Missiles
 m - 171 arrows (quivered ammo)
Armour
 c - a +0 kite shield
 e - a +1 ring mail
 g - a +0 leather armour
 k - a +2 pair of boots (worn)
 s - a +0 troll leather armour {Purgy}
 A - +2 pearl dragon scales (worn)
Jewellery
 h - a ring of stealth (left hand)
 n - an amulet of guardian spirit (around neck)
 r - an uncursed ring of poison resistance
 v - an uncursed ring of protection from cold
 z - a +6 ring of strength (right hand)
Wands
 u - a wand of paralysis (7)
 y - a wand of digging (6)
Scrolls
 d - 4 scrolls of remove curse
 o - 4 scrolls of fog
 w - a scroll of enchant weapon
 x - a scroll of fear
 D - a scroll of teleportation
Potions
 f - 2 potions of curing
 i - 3 potions of attraction
 j - a potion of flight
 l - 3 potions of haste
 p - a potion of cancellation
 q - a potion of brilliance
 t - a potion of ambrosia {unknown}
 E - a potion of lignification {unknown}


   Skills:
 + Level 7.8 Fighting
 * Level 9.8 Long Blades
 + Level 7.0 Armour
 + Level 6.1 Dodging
 + Level 5.7 Invocations


You had 8 spell levels left.
You didn't know any spells.
Your spell library contained the following spells:

 Spells                   Type           Power        Failure   Level
 Freeze                   Ice            0%           73%         1
 Magic Dart               Conj           0%           73%         1
 Frozen Ramparts          Ice            0%           97%         3
 Ozocubu's Armour         Ice            0%           97%         3
 Hailstorm                Conj/Ice       0%           100%        4
 Summon Ice Beast         Ice/Summ       0%           100%        4
 Bolt of Magma            Conj/Fire/Erth 0%           100%        5
 Iskenderun's Battlesphe  Conj           0%           100%        5
 Iron Shot                Conj/Erth      0%           100%        6
 Orb of Destruction       Conj           0%           100%        7
 Spellforged Servitor     Conj/Summ      0%           100%        7


Dungeon Overview and Level Annotations

Branches:
Dungeon (8/15)             Temple (0/1) D:6
   Lair: D:8-11

Altars:
Cheibriados
Elyvilon
Hepliaklqana
Qazlal
Sif Muna
Trog
Xom
Yredelemnul

Annotations:
D:5 2 runed translucent doors, simples's ghost, novice MiBe


Innate Abilities, Weirdness & Mutations

You reflexively headbutt those who attack you in melee.
You have a pair of horns on your head.


Message History

The centaur zaps a wand.
You are blasted!
The centaur zaps a wand.
You are blasted!
You are too injured to fight recklessly!
You are too injured to fight recklessly!
You are too injured to fight recklessly!
Fire: 172 arrows
Press: ? - help, Q - select action, (/) - cycle Shift-Dir - straight line, f/p - centaur
Aim: a centaur, wielding a +0 club, quivering 14 arrows and carrying a wand of disintegration (7) (heavily wounded, 71% to hit)
You shoot an arrow.
The arrow hits the centaur but does no damage.
The centaur is heavily wounded.
The centaur unwields a +0 club.
The centaur wields a +0 shortbow.
The centaur shoots an arrow.
The arrow hits you but does no damage.
The centaur zaps a wand.
You are blasted!
* * * LOW HITPOINT WARNING * * *
The adder falls through a shaft!
The shaft crumbles and collapses.
It was a potion of brilliance.
You feel clever all of a sudden.
The centaur zaps a wand.
You are blasted!
You die...

§..##...#.
..^..≈....
≈.≈.≈(§..#####.
._(.(...c##....
^ ....^#.##...
(. .≈.#.##..#
...# #.#.##..#
^.^^≈#.@[##..#
........###..#
#............#
#####...####.#
##.##
#.#######. ##
#.........
##...#####
#...# # #...#


You could see a centaur.

Vanquished Creatures
  Pikel (D:8)
  Edmund (D:6)
  Duvessa (D:5)
  Purgy (D:3)
  An orc warrior (D:8)
  A necrophage (D:6)
  An ogre (D:2)
  An ice beast (D:7)
  5 centaurs
  3 phantoms
  2 lemures (D:8)
  Blork the orc (D:6)
  A big kobold (D:4)
  2 bullfrogs
  Dowan (D:5)
  4 scorpions
  A howler monkey (D:4)
  5 wights (D:7)
  A bullfrog zombie (D:6)
  An orc priest (D:4)
  A centaur skeleton (D:5)
  3 bullfrog skeletons
  2 iguanas
  5 orc wizards
  6 worker ants
  3 hound zombies
  A hound skeleton (D:5)
  A howler monkey skeleton (D:5)
  8 adders
  An ufetubus (D:6)
  2 oozes (D:1)
  A dart slug (D:1)
  4 leopard geckos
  15 orcs
  A ball python (D:4)
  5 giant cockroaches
  6 goblins
  5 hobgoblins
  9 jackals
  4 quokkas
  6 bats
  8 frilled lizards
  8 kobolds
  2 leopard gecko skeletons (D:6)
  7 rats
  A butterfly (D:6)
150 creatures vanquished.

Notes
Turn   | Place    | Note
-------+----------+-------------------------------------------
     0 | Abyss:1  | raph the Minotaur Abyssal Knight began the quest for the
                  | Orb.
     0 | Abyss:1  | Reached XP level 1. HP: 19/19 MP: 1/1
    28 | Abyss:1  | Found a corrupted altar of Lugonu.
    57 | Abyss:1  | Found a corrupted altar of Lugonu.
    81 | Abyss:1  | Found a corrupted altar of Lugonu.
   151 | Abyss:1  | Found a corrupted altar of Lugonu.
   222 | Abyss:1  | Noticed a wretched star
   223 | D:1      | Escaped the Abyss
   684 | D:1      | Reached XP level 2. HP: 27/27 MP: 2/2
  1114 | D:1      | Reached * piety under Lugonu
  1240 | D:1      | Reached XP level 3. HP: 34/34 MP: 3/3
  1517 | D:2      | Reached skill level 3 in Long Blades
  1545 | D:2      | Found a snail-covered altar of Cheibriados.
  1579 | D:2      | Noticed an ogre
  1606 | D:3      | Noticed Purgy
  1831 | D:4      | Noticed a scorpion
  1853 | D:4      | Reached XP level 4. HP: 28/41 MP: 4/4
  2204 | D:4      | Reached XP level 5. HP: 44/47 MP: 5/5
  2210 | D:4      | Reached skill level 4 in Long Blades
  2653 | D:4      | Reached skill level 5 in Fighting
  2664 | D:4      | Reached XP level 6. HP: 10/56 MP: 7/7
  2698 | D:5      | Entered Level 5 of the Dungeon
  3015 | D:5      | Reached ** piety under Lugonu
  3016 | D:5      | Reached skill level 5 in Long Blades
  3309 | D:5      | Found a large runed translucent door.
  3309 | D:5      | Found a large runed translucent door.
  3312 | D:5      | Noticed simples's ghost (novice MiBe)
  3399 | D:4      | Reached XP level 7. HP: 45/61 MP: 8/8
  4046 | D:2      | Found a faded altar of an unknown god.
  4667 | D:2      | Found a hazy altar of Hepliaklqana.
  4674 | D:2      | Found a basalt altar of Yredelemnul.
  4676 | D:2      | Found a white marble altar of Elyvilon.
  4680 | D:2      | Found a shimmering altar of Xom.
  4681 | D:2      | Found a bloodstained altar of Trog.
  5615 | D:3      | Killed Purgy
  5616 | D:3      | Reached skill level 6 in Long Blades
  6132 | D:5      | Noticed Dowan
  6138 | D:5      | Killed Dowan
  6138 | D:5      | Noticed Duvessa
  6146 | D:5      | Killed Duvessa
  6234 | D:5      | Reached skill level 5 in Armour
  6234 | D:5      | Reached XP level 8. HP: 47/70 MP: 6/10
  6571 | D:6      | Reached skill level 7 in Long Blades
  6861 | D:6      | Noticed Blork the orc
  6876 | D:6      | Killed Blork the orc
  7042 | D:6      | Noticed Edmund
  7055 | D:6      | Killed Edmund
  7241 | D:6      | Found a staircase to the Ecumenical Temple.
  7301 | D:6      | Reached skill level 8 in Long Blades
  7608 | D:7      | Reached *** piety under Lugonu
  7609 | D:7      | Reached skill level 5 in Dodging
  7763 | D:7      | Identified a scroll of acquirement
  7763 | D:7      | Acquired +2 pearl dragon scales
  7792 | D:7      | Reached XP level 9. HP: 71/79 MP: 8/11
  7849 | D:7      | Reached skill level 5 in Invocations
  8083 | D:7      | Reached skill level 9 in Long Blades
  8345 | D:7      | Found a shimmering blue altar of Sif Muna.
  8972 | D:7      | Identified Sif Muna's Collected Works on Conjuration
  9349 | D:8      | Noticed Pikel
  9373 | D:8      | Killed Pikel
  9684 | D:8      | Found a stormy altar of Qazlal.
  9690 | D:8      | Blown up by a centaur

Illustrated notes

Levels and vault maps discovered:
D:1:      lordsloth_arrival_two_stooges, layout_basic
D:2:      layout_basic, minitemple, nicolae_overflow_crystal_walls,
          chequers_ecumenical_altar_simple_redux
D:3:      layout_basic, uniq_purgy
D:4:      layout_rooms, kennysheep_generic_room_13
D:5:      layout_loops_corners, ebering_ghost_disaster_area, uniq_duvessa
D:6:      layout_loops_ring, minmay_temple_entry_butterflies, uniq_edmund,
          uniq_blork_the_orc
D:7:      kennysheep_six_static_rooms, layout_basic, led_sif_book,
          minmay_door_square
D:8:      layout_loops_cross, grunt_qazlal_sundering,
          biasface_ghost_orc_armoury, uniq_grum, uniq_joseph, uniq_pikel,
          uniq_psyche

Skill      XL: |  1  2  3  4  5  6  7  8  9 |
---------------+----------------------------+-----
Fighting       | 4 5 6 7 |  7.8
Invocations    | 2 3 4 5 |  5.7
Long Blades    | 3 4 5 6 8 9 |  9.8
Dodging        | 2 3 4 5 6 |  6.1
Armour         | 3 4 5 6 7 |  7.0

Action                   |  1- 3 |  4- 6 |  7- 9 || total
-------------------------+-------+-------+-------++-------
Melee: Falchion          |    78 |    99 |   295 ||   472
       Headbutt          |     9 |    18 |    65 ||    92
 Fire: Shortbow          |       |       |    35 ||    35
Invok: Depart the Abyss  |     1 |       |       ||     1
       Bend Space        |       |       |     1 ||     1
  Use: Scroll            |     5 |     3 |    14 ||    22
       Potion            |       |       |     2 ||     2
 Stab: Sleeping          |       |     2 |     1 ||     3
       Distracted        |       |       |     2 ||     2
Armor: Ring mail         |    31 |    35 |    32 ||    98
       Troll leather arm |       |       |    30 ||    30
       Pearl dragon scal |       |       |    64 ||    64
Dodge: Dodged            |    54 |    53 |   157 ||   264
       Rpst.: Falchion   |    15 |    16 |    39 ||    70
